 Dungeon Crawl Stone Soup version 0.26-a0-937-g67df3f2acb (webtiles) character file.

Game seed: 16058857521443063475

105 Ijustatesigmund the Chopper (level 4, 0/49 HPs)
             Began as an Octopode Fighter on Nov 27, 2020.
             Slain by an orc priest
             ... wielding a +0 club
              (6 damage)
             ... on level 3 of the Dungeon.
             The game lasted 00:03:10 (1871 turns).

Ijustatesigmund the Chopper (Octopode Fighter)      Turns: 1871, Time: 00:03:11

Health: 0/49       AC:  1    Str: 15    XL:     4   Next: 83%
Magic:  4/4        EV:  8    Int: 10    God:
Gold:   35         SH: 10    Dex: 12    Spells: 3/3 levels left

rFire    . . .     SeeInvis .   a - +0 war axe
rCold    . . .     Faith    .   b - +2 kite shield
rNeg     . . .     Spirit   .   (helmet restricted)
rPois    .         Reflect  .   (no amulet)
rElec    .         Harm     .   (no ring)
rCorr    .         Rampage  .   (no ring)
MR       .....                  (no ring)
Stlth    ..........             (no ring)
HPRegen  0.16/turn              (no ring)
MPRegen  0.09/turn              (no ring)
                                (no ring)
                                (no ring)

@: mighty, berserking, flying, constricted, very quick
A: almost no armour, stealthy swim, amphibious, 8 rings, constrict 8, camouflage
1, gelatinous body 1
a: no special abilities


You were on level 3 of the Dungeon.
You visited 1 branch of the dungeon, and saw 3 of its levels.

You collected 35 gold pieces.

Inventory:

Hand Weapons
 a - a +0 war axe (weapon)
Armour
 b - a +2 kite shield (worn)
Scrolls
 f - 2 scrolls of remove curse
 g - a scroll of fog
Potions
 d - a potion of flight
 e - 2 potions of brilliance
 i - a potion of ambrosia {unknown}
 j - a potion of haste {unknown}


   Skills:
 + Level 3.9 Fighting
 * Level 4.1 Axes
 - Level 3.0 Dodging
 - Level 3.0 Shields


You had 3 spell levels left.
You didn't know any spells.
Your spell library was empty.

Dungeon Overview and Level Annotations

Branches:
Dungeon (3/15)

Altars:


Innate Abilities, Weirdness & Mutations

You cannot wear most types of armour.
You are very stealthy in the water. (Stealth+)
You are amphibious.
You can wear up to eight rings at the same time.
You can use your tentacles to constrict eight enemies at once.
Your skin changes colour to match your surroundings (Stealth+).
Your rubbery body absorbs attacks. (AC +1, EV +1)


Message History

The orc priest looks satisfied for a moment.
You block the hobgoblin's attack. You block the orc's attack.
The hobgoblin barely misses you.
The goblin shoots a stone.
The stone hits you!
* * * LOW HITPOINT WARNING * * *
The ball python bites you.
* * * LOW HITPOINT WARNING * * *
You block the ball python's attack.
It was a potion of flight.
You feel very buoyant.
You fly up into the air.
You block the orc priest's attack. You block the hobgoblin's attack.
The orc hits you with a +0 club.
* * * LOW HITPOINT WARNING * * *
You block the hobgoblin's attack.
The goblin shoots a stone.
You block the stone. The ball python misses you. The ball python grabs you.
The ball python constricts you. The orc closely misses you.
It was a potion of berserk rage.
A red film seems to cover your vision as you go berserk!
You feel yourself moving faster!
You feel mighty! The orc priest hits you with a +0 club.
You die...

#..# ....... # #..
##.# ####.......
..#.. #.##
###.......... .....
#..###........g....
.....
##.#...##..........
#..
##...####..>.......
#..
#.......)...)......
#..
#..######..g.......
...o. ##.#
#.o@g..#.#. #.#S.
#.# ##ooS......
.w... #.#
..(##....⌠. ⌠....
#.# ..#### ......
..... #. #. #...⌠.
# ..... .#.#. ..


You could see an orc priest, 2 orcs, 2 hobgoblins, a goblin and a ball python.

Vanquished Creatures
  An adder (D:2)
  An ooze (D:2)
  3 worms
  2 dart slugs
  5 leopard geckos
  7 orcs
  7 bats
  3 giant cockroaches
  8 goblins
  7 hobgoblins
  A quokka (D:2)
  8 frilled lizards
  6 kobolds
  7 rats
66 creatures vanquished.

Notes
Turn   | Place    | Note
-------+----------+-------------------------------------------
     0 | D:1      | Ijustatesigmund the Octopode Fighter began the quest for
                  | the Orb.
     0 | D:1      | Reached XP level 1. HP: 16/16 MP: 1/1
   117 | D:1      | Reached XP level 2. HP: 19/21 MP: 2/2
   576 | D:1      | Reached skill level 3 in Axes
   576 | D:1      | Reached XP level 3. HP: 26/26 MP: 3/3
  1278 | D:2      | Reached XP level 4. HP: 32/32 MP: 4/4
  1677 | D:2      | Reached skill level 4 in Axes
  1871 | D:3      | Slain by an orc priest

Illustrated notes

Levels and vault maps discovered:
D:1:      matt_arrival_grand_opening, layout_loops_ring
D:2:      layout_basic
D:3:      layout_rooms, zin_scriptorium, gup_sewer_entry_bowl, elyvilon_altar_5,
          uniq_crazy_yiuf_cottage

Skill      XL: |  1  2  3  4 |
---------------+-------------+-----
Axes           | 3 4 |  4.1
Fighting       | |  3.9
Dodging        | |  3.0
Shields        | |  3.0

Action                   |  1- 3 |  4- 6 || total
-------------------------+-------+-------++-------
Melee: War axe           |    74 |    37 ||   111
       Constrict         |    16 |    10 ||    26
       Tentacles         |     7 |     9 ||    16
  Use: Scroll            |     7 |     2 ||     9
       Potion            |       |     3 ||     3
 Stab: Sleeping          |     4 |     5 ||     9
       Distracted        |     1 |       ||     1
Armor: Skin              |     5 |     3 ||     8
Dodge: Dodged            |    32 |    26 ||    58
Block: Kite shield       |    34 |    29 ||    63

Table legend: (Time is in decaauts)
 A = Elapsed time spent in this place.
 B = Non-inter-level travel time spent in this place.
 C = Inter-level travel time spent in this place.
 D = Time resting spent in this place.
 E = Time spent auto-exploring this place.
 F = Levels seen in this place.
 G = Mean time per level.
                   A        B        C        D        E       F      G
               +--------+--------+--------+--------+--------+-----+--------+
         Total |   1917 |   1889 |     28 |      0 |   1457 |   3 |  639.0 |
       Dungeon |   1917 |   1889 |     28 |      0 |   1457 |   3 |  639.0 |
               +--------+--------+--------+--------+--------+-----+--------+

Top non-repeatable levels by time:
     D:1: 984 daAuts
     D:2: 764 daAuts
     D:3: 168 daAuts
